 Dungeon Sprint DCSS version 0.19.0-19-g8c6edcc (webtiles) character file.

568 poirepourri the Fighter (level 7, -1/48 HPs)
             Began as a Gargoyle Fighter on Nov 15, 2016.
             Was an Initiate of Cheibriados.
             Slain by a human
             ... wielding a +0 dagger
              (8 damage)
             ... in the Dungeon (Sprint III: "The Ten Rune Challenge").
             The game lasted 00:02:33 (1126 turns).

poirepourri the Fighter (Gargoyle Fighter)          Turns: 1126, Time: 00:02:34

Health: -1/48      AC: 11    Str: 24    XL:     7   Next: 33%
Magic:  7/7        EV: 15    Int: 10    God:    Cheibriados [......]
Gold:   57         SH: 10    Dex: 15    Spells: 1 memorised, 5 levels left

rFire  . . .     SeeInvis .     a - +0 flail
rCold  . . .     Gourm    .     b - +0 scale mail
rNeg   + . .     Faith    .     c - +0 shield
rPois  ∞         Spirit   .     (no helmet)
rElec  +         Reflect  .     (no cloak)
rCorr  .         Harm     .     (no gloves)
MR     .....     NoTele   +     (no boots)
Stlth  +.........               (no amulet)
                                (no ring)
                                (no ring)

@: agile, very slightly contaminated, very slow
A: hooves 1, frail 1, negative energy resistance 1, electricity resistance,
strong 1, unbreathing, petrification resistance, rot immunity, AC +4
a: Bend Time, Renounce Religion


You were in the Dungeon.
You worshipped Cheibriados.
Cheibriados was noncommittal.
You were not hungry.

You visited 1 branch You collected 57 gold pieces.

Inventory:

Hand Weapons
 a - a +0 flail (weapon)
Armour
 b - a +0 scale mail (worn)
 c - a +0 shield (worn)
Scrolls
 k - a scroll of blinking
 n - a scroll of fear
 o - 4 scrolls of remove curse
Potions
 h - a potion of haste
 i - 2 potions of magic
 j - a potion of mutation
 l - 3 potions of flight
Books
 d - a book of Minor Magic

   Spells                             Type                      Level
   a - Magic Dart                     Conjuration                  1
   b - Blink                          Translocation                2
   c - Call Imp                       Summoning                    2
   d - Repel Missiles                 Charms/Air                   2
   e - Slow                           Hexes                        2
   f - Conjure Flame                  Conjuration/Fire             3
   g - Mephitic Cloud                 Conjuration/Poison/Air       3
Comestibles
 f - 2 bread rations
 g - a royal jelly


   Skills:
 + Level 11.1 Fighting
 + Level 10.8 Maces & Flails
 - Level 3.4 Armour
 + Level 3.6 Dodging
 - Level 3.4 Shields


You had 5 spell levels left.
You knew the following spells:

 Your Spells              Type           Power        Failure   Level  Hunger
a - Magic Dart            Conj           #...         100%        1    ##.....


Dungeon Overview and Level Annotations

Branches:
Dungeon (1/1)

Altars:
Cheibriados
Dithmenos
Fedhas
Gozag
Hepliaklqana
Kikubaaqudgha
Makhleb
Nemelex Xobeh
Okawaru
Qazlal
Ru
Sif Muna
Trog
Uskayaw
Vehumet
Xom
Yredelemnul
Beogh
Jiyva
Lugonu


Innate Abilities, Weirdness & Mutations

You are resistant to torment.
Your stone body is resilient. (AC +4)
You are immune to poison.
You resist negative energy. (rN+)
You are resistant to electric shocks. (rElec)
You can survive without breathing.
You are immune to petrification.
You are immune to rotting.
You have large cloven feet.
You are frail. (-10% HP)
Your muscles are strong. (Str +2)


Message History

The human barely misses you.
You feel better. You block the human's attack.
You hit the human but do no damage.
The human is moderately wounded.
The human hits you but does no damage. The human hits you with a dagger.
* * * LOW HITPOINT WARNING * * *
You closely miss the human.
The human is moderately wounded.
The human hits you but does no damage.
You closely miss the human. Your kick misses the human.
The human is moderately wounded.
The human hits you but does no damage.
You sock the human! You kick the human, but do no damage.
The human is heavily wounded.
The human barely misses you. The human hits you with a dagger.
* * * LOW HITPOINT WARNING * * *
You hit the human.
The human is heavily wounded.
The human hits you with a dagger!
You die...

▓▓▓ ▓▓▓ ..#### ##.#
####### .....#####..#
__[#__# ......#..#..#
__.#._#
.##...#..#..###+#p###)##
.###..##'#..#...@......#
#.##..###...'.⌠........#
.##..####...#...######'#
.##..###....#.⌠.#__#...#
##...##.....#...#__#...#
#....#÷.....#)###__#...#
#..##.#.....#..:#__#...+
#.. ####....#___#__'...#
▓▓▓ ▓▓▓▓▓▓▓▓▓▓▓▓▓▓▓▓▓


You could see a human (berserk).

Vanquished Creatures
  A shadow (D)
  A spatial vortex (D)
  A necrophage (D)
  A water elemental (D)
  A scorpion (D)
  A jelly (D)
  A wizard (D)
  A necromancer (D)
  A kobold demonologist (D)
  A human (D)
  4 rats (D)
14 creatures vanquished.

Vanquished Creatures (others)
  2 draconian scorchers (D)
  6 hellions (D)
  A yaktaur (D)
9 creatures vanquished.

Grand Total: 23 creatures vanquished

Notes
Turn   | Place    | Note
-------+----------+-------------------------------------------
     0 | D        | poirepourri the Gargoyle Fighter began the quest for the Orb.
     0 | D        | Reached XP level 1. HP: 14/14 MP: 1/1
    64 | D        | Noticed a scorpion
    83 | D        | Reached skill level 5 in Fighting
    83 | D        | Reached skill level 1 in Dodging
    83 | D        | Reached XP level 2. HP: 14/21 MP: 2/2
    89 | D        | Killed a scorpion
    89 | D        | Reached skill level 6 in Fighting
    89 | D        | Reached skill level 5 in Maces & Flails
    89 | D        | Reached XP level 3. HP: 8/28 MP: 3/3
    89 | D        | Reached XP level 4. HP: 9/32 MP: 4/4
    93 | D        | Killed a hellion
   109 | D        | Killed a hellion
   110 | D        | Killed a hellion
   111 | D        | Killed a hellion
   121 | D        | Killed a hellion
   122 | D        | Killed a hellion
   158 | D        | Killed a yaktaur
   195 | D        | Killed a white draconian scorcher
   206 | D        | Killed a white draconian scorcher
   334 | D        | Noticed a water elemental
   344 | D        | Killed a water elemental
   344 | D        | Reached skill level 8 in Fighting
   344 | D        | Reached XP level 5. HP: 28/39 MP: 5/5
   351 | D        | Found a radiant altar of Vehumet.
   351 | D        | Found a deep blue altar of Sif Muna.
   351 | D        | Found an ancient bone altar of Kikubaaqudgha.
   380 | D        | Found a basalt altar of Yredelemnul.
   380 | D        | Found a shadowy altar of Dithmenos.
   380 | D        | Found a sacrificial altar of Ru.
   380 | D        | Noticed a necrophage
   385 | D        | Killed a necrophage
   385 | D        | Reached skill level 9 in Fighting
   385 | D        | Reached XP level 6. HP: 29/48 MP: 6/6
   613 | D        | Noticed a shadow
   619 | D        | Reached skill level 10 in Fighting
   629 | D        | Killed a shadow
   629 | D        | Reached skill level 10 in Maces & Flails
   629 | D        | Reached XP level 7. HP: 12/53 MP: 7/7
   882 | D        | Found a blossoming altar of Fedhas.
   882 | D        | Found a stormy altar of Qazlal.
   882 | D        | Found a snail-covered altar of Cheibriados.
   882 | D        | Found a burning altar of Makhleb.
   882 | D        | Found a shimmering altar of Xom.
   882 | D        | Noticed a spatial vortex
   883 | D        | Found a hazy altar of Hepliaklqana.
   883 | D        | Found an opulent altar of Gozag.
   883 | D        | Found a sparkling altar of Nemelex Xobeh.
   883 | D        | Found a corrupted altar of Lugonu.
   883 | D        | Found a viscous altar of Jiyva.
   887 | D        | Became a worshipper of Cheibriados the Contemplative
  1011 | D        | Killed a spatial vortex
  1011 | D        | Reached skill level 11 in Fighting
  1102 | D        | Learned a level 1 spell: Magic Dart
  1104 | D        | Found a hide-covered altar of Uskayaw.
  1104 | D        | Found a roughly hewn altar of Beogh.
  1104 | D        | Found an iron altar of Okawaru.
  1104 | D        | Found a bloodstained altar of Trog.
  1104 | D        | Noticed a human
  1104 | D        | Noticed a human
  1120 | D        | Gained mutation: You are frail. (-10% HP) [potion of mutation]
  1120 | D        | Gained mutation: You have large cloven feet. [potion of mutation]
  1120 | D        | Gained mutation: Your muscles are strong. (Str +2) [potion of mutation]
  1126 | D        | Slain by a human

Skill      XL: |  1  2  3  4  5  6  7 |
---------------+----------------------+-----
Fighting       | 5 6 8 9 10 11 | 11.1
Maces & Flails | 3 5 6 8 10 | 10.8
Dodging        | 1 2 3 |  3.6
Armour         | |  3.4
Shields        | |  3.4

Action                   |  1- 3 |  4- 6 |  7- 9 || total
-------------------------+-------+-------+-------++-------
Melee: Flail             |    34 |    39 |    23 ||    96
       Kick              |       |       |     1 ||     1
  Use: Potion            |     1 |     3 |     3 ||     7
       Scroll            |       |     5 |     1 ||     6
  Eat: Fruit             |       |       |     3 ||     3
Armor: Scale mail        |    16 |    11 |     5 ||    32
Dodge: Dodged            |     7 |     6 |     9 ||    22
Block: Shield            |     7 |     9 |     6 ||    22
